 Dungeon Crawl Stone Soup version 0.32-a0-872-g59262bdc9b (webtiles) character file.

Game seed: 2790207291821140385

3091 pokeman the Thaumaturge (level 9, 0/48 HPs)
             Began as a Deep Elf Hedge Wizard on Mar 31, 2024.
             Was a Follower of Vehumet.
             Killed from afar by an electric eel (10 damage)
             ... with a bolt of electricity
             ... on level 7 of the Dungeon.
             The game lasted 00:16:22 (7846 turns).

pokeman the Thaumaturge (Deep Elf Hedge Wizard)     Turns: 7846, Time: 00:16:22

Health: 0/48       AC:  8    Str:  7    XL:     9   Next: 59%
Magic:  32/35      EV: 11    Int: 24    God:    Vehumet [*.....]
Gold:   975        SH:  0    Dex: 14    Spells: 15/31 levels left

rFire   . . .        E - staff of conjuration
rCold   . . .        (no shield)
rNeg    . . .        N - +3 leather armour
rPois   .            c - +0 hat
rElec   .            S - +0 cloak
rCorr   .            (no gloves)
SInv    .            P - +0 pair of boots {Fly}
Will    +....        (no amulet)
Stlth   ++           m - ring of magical power
HPRegen 0.28/turn    s - ring of willpower
MPRegen 0.24/turn

%: no passive effects
@: flying
A: no striking features
a: Renounce Religion


You were on level 7 of the Dungeon.
You worshipped Vehumet.
Vehumet was aware of your devotion.
You visited 2 branches of the dungeon, and saw 9 of its levels.
You also visited: Bailey.

You collected 975 gold pieces.

Inventory:

Hand Weapons
 D - a +2 spear of pain
 M - a +1 flail of venom
Missiles
 C - 2 throwing nets
Armour
 c - a +0 hat (worn)
 L - a +0 buckler
 N - a +3 leather armour (worn)
 P - a +0 pair of boots of flying (worn)
 S - a +0 cloak (worn)
Magical Staves
 k - a staff of alchemy
 A - a staff of earth
 E - a staff of conjuration (weapon)
Jewellery
 b - a ring of flight
 e - a ring of fire
 m - a ring of magical power (left hand)
 s - a ring of willpower (right hand)
 x - a ring of protection from fire
 z - a ring of protection from fire
 H - a ring of protection from cold
Wands
 y - a wand of digging (3)
 I - a wand of iceblast (7)
 O - a wand of mindburst (23)
Scrolls
 f - 2 scrolls of blinking {unknown}
 i - 7 scrolls of identify {unknown}
 j - a scroll of fog {unknown}
 l - 3 scrolls of noise {unknown}
 o - 4 scrolls of poison {unknown}
 q - 2 scrolls of teleportation {unknown}
 t - 2 scrolls of enchant armour {unknown}
 u - 2 scrolls of butterflies {unknown}
 B - 2 scrolls of silence {unknown}
 F - a scroll of immolation {unknown}
 G - 2 scrolls of revelation {unknown}
Potions
 a - 2 potions of heal wounds {unknown}
 d - a potion of magic
 g - a potion of berserk rage {unknown}
 h - 4 potions of mutation {unknown}
 n - 2 potions of lignification {unknown}
 p - 3 potions of invisibility {unknown}
 r - a potion of resistance {unknown}
 v - a potion of might {unknown}
 w - 2 potions of curing {unknown}
 J - a potion of brilliance {unknown}
 K - a potion of cancellation {unknown}
 Q - 2 potions of enlightenment
 R - a potion of degeneration {unknown}


   Skills:
 - Level 2.0 Fighting
 - Level 3.0 Armour
 - Level 3.0 Dodging
 - Level 3.0 Stealth
 + Level 2.4 Shields
 * Level 11.7 Spellcasting
 + Level 6.5 Conjurations
 - Level 1.1 Summonings
 - Level 1.0 Necromancy
 - Level 1.1 Translocations
 + Level 5.6 Ice Magic
 - Level 1.0 Air Magic
 - Level 1.2 Earth Magic
 - Level 1.0 Alchemy
 - Level 1.0 Evocations


You had 15 spell levels left.
You knew the following spells:

 Your Spells              Type           Power      Damage    Failure   Level
a - Magic Dart            Conj           100%       1d8       1%          1
b - Mephitic Cloud        Conj/Alch/Air  41%        N/A       6%          3
c - Call Imp              Summ           38%        N/A       6%          2
d - Blink                 Tloc           38%        N/A       6%          2
e - Iskenderun's Battles  Conj           61%        2d11      12%         5
f - Ozocubu's Armour      Ice            41%        N/A       1%          3

Your spell library contained the following spells:

 Spells                   Type           Power      Damage    Failure   Level
 Sting                    Conj/Alch      100%       1d9       1%          1
 Slow                     Hex            56%        N/A       6%          1
 Cigotuvi's Dreadful Rot  Necr/Alch/Air  38%        N/A       6%          2
 Fugue of the Fallen      Necr           19%        N/A       12%         3
 Brom's Barrelling Bould  Conj/Erth      49%        2d7       13%         4
 Fireball                 Conj/Fire      22%        3d10      43%         5
 Conjure Ball Lightning   Conj/Air       24%        3x3d7     91%         6
 Sculpt Simulacrum        Ice/Alch       15%        N/A       94%         6
 Orb of Destruction       Conj           30%        9d10      98%         7
 Ozocubu's Refrigeration  Ice            20%        4d12      99%         7
 Malign Gateway           Summ/Tloc      9%         N/A       100%        7
 Manifold Assault         Tloc           9%         N/A       100%        7
 Summon Horrible Things   Summ           9%         N/A       100%        8
 Polar Vortex             Ice            20%        12d2*     100%        9


Dungeon Overview and Level Annotations

Branches:
Dungeon (8/15)             Temple (1/1) D:7          Bailey (visited)
   Lair: D:8-11

Altars:
Ashenzari
Cheibriados
Fedhas
Gozag
Hepliaklqana
Kikubaaqudgha
Makhleb
Nemelex Xobeh
Qazlal
Sif Muna
Trog
Uskayaw
Vehumet
Wu Jian
Xom
The Shining One

Shops:
D:4 :


Message History

You can't go down here!
Things that are here:
a +0 spear; a gnoll skeleton You see here a +0 leather armour.
There is a stone staircase leading down here.
You fly downwards.
Found 18 gold pieces.
There is a stone staircase leading up here.
You now have 975 gold pieces (gained 18).
An electric eel comes into view.
You see here a scroll labelled ETHREMN SEZOUTH.
The electric eel shoots out a bolt of lightning at you!
The bolt of electricity hits the plant!
The plant begins to die.
The bolt of electricity hits the plant!
The plant begins to die.
The bolt of electricity hits you!
An electric eel comes into view. 2 electric eels come into view.
The electric eel shoots out a bolt of lightning at you!
The bolt of electricity hits you!
Casting: Magic Dart (safe; 1% risk of failure)
Confirm with . or Enter, or press ? or * to list all spells.
Aiming: Mephitic Cloud (dangerous; 6% risk of failure)
Press: ? - help, Shift-Dir - straight line You feel a surge of power!
The ball explodes into a vile cloud!
The stinking cloud engulfs the electric eel.
The stinking cloud engulfs the plant.
The plant is lightly damaged.
Something shouts, "Decamp, thou skyhacking shard-borne reprobate!"
The electric eel shoots out a bolt of lightning at you!
The bolt of electricity hits you!
The electric eel is engulfed in noxious fumes.
The electric eel appears confused.
The electric eel shoots out a bolt of lightning at you!
The bolt of electricity hits the plant.
The bolt of electricity hits you!
* * * LOW HITPOINT WARNING * * *
A nearby plant withers and dies. x2
The electric eel shoots out a bolt of lightning at you!
The bolt of electricity hits the plant!
The plant begins to die.
The bolt of electricity hits you!
You die...

~~~~~~.............♣♣
~~~~~♣...#..........♣♣
~~♣♣♣....##.#..##....P
~♣..........#.<......#
+#+#+#.#...######...#
#.#......... .+
#..........#
#.?...#....
#..♣♣@♣.♣♣. ♣♣♣P~~♣ ~
♣~~§§§~~~P♣
♣~~~S§≈≈~P~
~~P~S≈≈≈≈≈≈~
~~~~~≈≈≈≈≈≈≈≈
~~~~≈≈≈≈≈≈≈≈≈S≈
~PS~~≈≈≈≈≈≈≈≈≈≈
♣~~~~≈≈≈≈≈≈≈≈≈≈


You could see 4 electric eels.

Vanquished Creatures
  A wraith (D:6)
  A wyvern (D:7)
  Duvessa (D:5)
  An ice beast (D:6)
  10 orc warriors
  2 ogres
  A centaur (D:6)
  2 phantoms (D:5)
  2 bullfrogs
  2 gnoll sergeants
  2 scorpions (D:5)
  Dowan (D:5)
  3 killer bees (D:8)
  A howler monkey (D:4)
  4 bombardier beetles
  A hound (D:5)
  An orc priest (D:5)
  2 iguanas
  3 orc wizards
  20 gnolls
  7 adders
  2 white imps
  An ufetubus (D:6)
  3 dart slugs
  2 ribbon worms
  20 orcs
  3 ball pythons
  3 endoplasms
  5 giant cockroaches
  13 goblins
  8 hobgoblins
  17 kobolds
  4 quokkas
  8 bats
  2 frilled lizards
  2 rats (D:1)
161 creatures vanquished.

Vanquished Creatures (collateral kills)
  An orc (D:8)
1 creature vanquished.

Vanquished Creatures (others)
  An orc (D:8)
1 creature vanquished.

Grand Total: 163 creatures vanquished

Notes
Turn   | Place    | Note
-------+----------+-------------------------------------------
     0 | D:1      | pokeman the Deep Elf Hedge Wizard began the quest for the
                  | Orb.
     0 | D:1      | Reached XP level 1. HP: 10/10 MP: 7/7
   256 | D:1      | Reached XP level 2. HP: 15/15 MP: 6/9
   848 | D:1      | Reached skill level 5 in Spellcasting
  1245 | D:2      | Reached XP level 3. HP: 20/20 MP: 11/11
  1249 | D:2      | Learned a level 3 spell: Mephitic Cloud
  1252 | D:2      | Learned a level 2 spell: Call Imp
  1255 | D:2      | Learned a level 2 spell: Blink
  1759 | D:2      | Reached skill level 1 in Armour
  1769 | D:2      | Reached skill level 1 in Fighting
  1774 | D:2      | Reached XP level 4. HP: 25/25 MP: 5/13
  2285 | D:3      | Found a shimmering blue altar of Sif Muna.
  2628 | D:3      | Reached skill level 6 in Spellcasting
  2760 | D:3      | Reached XP level 5. HP: 29/29 MP: 15/15
  2782 | D:3      | Learned a level 5 spell: Iskenderun's Battlesphere
  2960 | D:4      | Found an opulent altar of Gozag.
  3034 | D:4      | Found Odohich's Book Emporium.
  3210 | D:4      | Reached skill level 1 in Alchemy
  3213 | D:4      | Reached skill level 1 in Air Magic
  3217 | D:4      | Learned a level 3 spell: Ozocubu's Armour
  3434 | D:4      | Reached XP level 6. HP: 11/34 MP: 1/17
  3733 | D:4      | Reached skill level 1 in Ice Magic
  3750 | D:4      | Reached skill level 7 in Spellcasting
  4165 | D:5      | Entered Level 5 of the Dungeon
  4165 | D:5      | Noticed Duvessa
  4165 | D:5      | Noticed Dowan
  4308 | D:5      | Reached skill level 1 in Evocations
  4308 | D:5      | Reached XP level 7. HP: 21/39 MP: 18/19
  4332 | D:5      | Reached skill level 1 in Earth Magic
  4343 | D:5      | Killed Dowan
  4344 | D:5      | Killed Duvessa
  4345 | D:5      | Reached skill level 8 in Spellcasting
  4690 | D:5      | Found a hide-covered altar of Uskayaw.
  4715 | D:5      | Reached skill level 1 in Necromancy
  4943 | D:5      | Reached XP level 8. HP: 39/44 MP: 22/22
  5011 | D:5      | Reached skill level 9 in Spellcasting
  5388 | D:5      | Found a snail-covered altar of Cheibriados.
  5567 | D:6      | Found an ornate altar of the Wu Jian Council.
  5604 | D:6      | Found a shimmering altar of Xom.
  6029 | D:6      | You fall into a shaft and drop 2 floors!
  6049 | D:8      | Reached skill level 5 in Conjurations
  6178 | D:8      | Reached skill level 10 in Spellcasting
  6388 | D:7      | Found a staircase to the Ecumenical Temple.
  6395 | Temple   | Entered the Ecumenical Temple
  6404 | Temple   | Became a worshipper of Vehumet
  6446 | D:7      | Found a flagged portal.
  6451 | Bailey   | Entered a bailey
  6649 | Bailey   | Reached skill level 1 in Shields
  6649 | Bailey   | Reached XP level 9. HP: 36/48 MP: 25/25
  6779 | Bailey   | Reached * piety under Vehumet
  6779 | Bailey   | Offered knowledge of Sting by Vehumet.
  6837 | Bailey   | Reached skill level 5 in Ice Magic
  6892 | Bailey   | Reached skill level 11 in Spellcasting
  7846 | D:7      | Killed from afar by an electric eel

Illustrated notes

Levels and vault maps discovered:
D:1:      dpeg_arrival_fog, layout_loops_ring
D:2:      layout_loops_corners, minmay_misc_feat_cross, minivault_11
D:3:      layout_rooms, mainiacjoe_overflow_small_starburst
D:4:      layout_cave_pods, mainiacjoe_overflow_chevrons, serial_shops, shop
D:5:      layout_loops_ring, old_standard_altar, nicolae_overflow_hidden_temple,
          minmay_circle_x, uniq_duvessa
D:6:      kb_forest_paths, layout_loops_ring, nzn_wu_jian_contemplation,
          mainiacjoe_overflow_surrounded_room
D:7:      layout_basic, minmay_temple_entry_slanted, serial_bayou,
          serial_bayou_lagoon_b, serial_bayou_pond_a, serial_bayou_lake_a,
          serial_bayou_ford_a, enter_bailey_3, grunt_ministairs_12
D:8:      layout_loops_ring, serial_shops,
          nicolae_shop_competitors_out_of_business, kennysheep_nub
Temple:   hellmonk_temple_flake

Skill      XL: |  1  2  3  4  5  6  7  8  9 |
---------------+----------------------------+-----
Spellcasting   | 5 6 7 8 10 11 | 11.7
Armour         | 1 3 |  3.0
Fighting       | 1 2 |  2.0
Conjurations   | 2 3 4 5 6 |  6.5
Dodging        | 3 |  3.0
Stealth        | 3 |  3.0
Alchemy        | 1 |  1.0
Air Magic      | 1 |  1.0
Ice Magic      | 1 3 4 5 |  5.6
Evocations     | 1 |  1.0
Earth Magic    | 1 |  1.2
Necromancy     | 1 |  1.0
Shields        | 1 2 |  2.4
Summonings     | |  1.1
Translocations | |  1.1

Action                     |  1- 3 |  4- 6 |  7- 9 || total
---------------------------+-------+-------+-------++-------
  Melee: Dagger            |    10 |       |       ||    10
         Short sword       |     6 |     1 |       ||     7
         Spear             |       |    38 |    42 ||    80
         Flail             |       |       |    27 ||    27
         Staff             |       |       |     2 ||     2
   Cast: Magic Dart        |    94 |   119 |   226 ||   439
         Mephitic Cloud    |     1 |    15 |    25 ||    41
         Blink             |       |     2 |       ||     2
         Iskenderun's Batt |       |       |     2 ||     2
         Call Imp          |       |       |     1 ||     1
   Stab: Confused          |     1 |     7 |    11 ||    19
 Armour: Robe              |    17 |    15 |    23 ||    55
         Leather armour    |       |       |    35 ||    35
  Dodge: Dodged            |    13 |    19 |    62 ||    94

Table legend: (Time is in decaauts)
 A = Elapsed time spent in this place.
 B = Non-inter-level travel time spent in this place.
 C = Inter-level travel time spent in this place.
 D = Time resting spent in this place.
 E = Time spent auto-exploring this place.
 F = Levels seen in this place.
 G = Mean time per level.
                   A        B        C        D        E       F      G
               +--------+--------+--------+--------+--------+-----+--------+
         Total |   7873 |   7578 |    295 |    140 |   6160 |  10 |  787.3 |
       Dungeon |   7192 |   6913 |    279 |     78 |   5805 |   8 |  899.0 |
        Temple |     18 |      2 |     16 |      0 |      0 |   1 |   18.0 |
        Bailey |    662 |    662 |      0 |     62 |    354 |   1 |  662.0 |
               +--------+--------+--------+--------+--------+-----+--------+

Top non-repeatable levels by time:
     D:4: 1374 daAuts
     D:6: 1242 daAuts
     D:5: 1230 daAuts
     D:1: 1187 daAuts
     D:2: 1074 daAuts
  Bailey: 662 daAuts
     D:3: 601 daAuts
     D:8: 302 daAuts
     D:7: 180 daAuts
  Temple: 18 daAuts
